 Dungeon Crawl Stone Soup version 0.30.1-8-g117510f58f (webtiles) character file.

Game seed: 14733557587772036816

160 HagarQim the Grave Robber (level 5, -8/28 HPs)
             Began as a Deep Elf Necromancer on Sept 22, 2023.
             Killed by nerve-wracking pain
             ... invoked by an orc priest
              (14 damage)
             ... on level 3 of the Dungeon.
             The game lasted 00:05:20 (2019 turns).

HagarQim the Grave Robber (Deep Elf Necromancer)    Turns: 2019, Time: 00:05:20

Health: -8/28      AC:  3    Str:  5    XL:     5   Next: 17%
Magic:  7/14       EV: 13    Int: 20    God:
Gold:   58         SH:  0    Dex: 17    Spells: 10/14 levels left

rFire   . . .        k - +0 dagger (vamp)
rCold   . . .        (no shield)
rNeg    . . .        a - +0 robe
rPois   .            g - +0 helmet
rElec   .            (no cloak)
rCorr   .            (no gloves)
SInv    .            (no boots)
Will    .....        (no amulet)
Stlth   ++           (no ring)
HPRegen 0.24/turn    (no ring)
MPRegen 0.14/turn

%: no passive effects
@: no status effects
A: no striking features
a: no special abilities


You were on level 3 of the Dungeon.
You visited 1 branch of the dungeon, and saw 3 of its levels.

You collected 58 gold pieces.

Inventory:

Hand Weapons
 k - a +0 vampiric dagger (weapon)
Armour
 a - a +0 robe (worn)
 g - a +0 helmet (worn)
Scrolls
 c - 2 scrolls of immolation {unknown}
 d - 2 scrolls of butterflies {unknown}
 i - a scroll of identify {unknown}
 j - 4 scrolls of blinking {unknown}
Potions
 b - 2 potions of magic
 e - 2 potions of heal wounds {unknown}
 f - 2 potions of ambrosia {unknown}
 h - a potion of might {unknown}
 l - a potion of curing {unknown}


   Skills:
 + Level 0.3 Short Blades
 + Level 3.0 Dodging
 + Level 2.9 Stealth
 + Level 0.4 Unarmed Combat
 + Level 5.4 Spellcasting
 + Level 5.9 Necromancy


You had 10 spell levels left.
You knew the following spells:

 Your Spells              Type           Power      Damage    Failure   Level
a - Necrotise             Necr           100%       1d9       1%          1
b - Vampiric Draining     Necr           29%        2d8       2%          3

Your spell library contained the following spells:

 Spells                   Type           Power      Damage    Failure   Level
 Animate Dead             Necr           29%        N/A       10%         4
 Agony                    Necr           29%        N/A       26%         5


Dungeon Overview and Level Annotations

Branches:
Dungeon (3/15)

Altars:
Cheibriados


Message History

The orc priest hits you with a +0 war axe!
You closely miss the orc priest.
The orc priest is heavily wounded.
The orc throws a boomerang.
The boomerang hits your orc skeleton.
Your orc skeleton is destroyed!
The orc priest hits you with a +0 war axe!
You hit the orc priest.
You feel better.
The orc priest is severely wounded.
The orc priest misses you.
You closely miss the orc priest.
The orc priest is severely wounded.
You hit the orc priest.
You feel better.
The orc priest is severely wounded.
The orc priest hits you with a +0 war axe!
* * * LOW HITPOINT WARNING * * *
You are too injured to fight recklessly!
Unknown command.
Casting: Necrotise (safe; 1% risk of failure)
Confirm with . or Enter, or press ? or * to list all spells.
Aiming: Necrotise (safe; 1% risk of failure)
Press: ? - help, Shift-Dir - straight line, f - orc
Aim: an orc, wielding a +0 whip and quivering boomerangs (chance to affect: 93%)
The orc writhes in agony.
The orc hits you with a +0 whip.
* * * LOW HITPOINT WARNING * * *
The orc priest barely misses you.
Casting: Necrotise (safe; 1% risk of failure)
Confirm with . or Enter, or press ? or * to list all spells.
Aiming: Necrotise (safe; 1% risk of failure)
Press: ? - help, Shift-Dir - straight line, f/p - orc
Aim: an orc, wielding a +0 whip and quivering boomerangs (almost dead, chance to affect: 93%)
The orc writhes in agony.
You kill the orc!
The dead are walking!
The orc priest barely misses you.
The orc priest hits your orc skeleton with a +0 war axe.
You hit the orc priest.
You feel better.
The orc priest is severely wounded.
The orc priest invokes the aid of Beogh against you.
Pain shoots through your body!
Ouch! That really hurt!
You die...

##.### ..... #.##
.... ...# #..# #
#).## #..# .## .)..
###..##...# #..#
..)........ #..#
###..##......####..#
#.........).))@<.#
#.####.#...###oZ$#
#.# ## #....# ##.##
#.#..# ##...## #
#.#..# #.#.#.##.#
#.#..# ......<..#
.....# #.#.#.####
.###.# ##...##


You could see an orc priest (ally target) and a friendly orc skeleton.

Vanquished Creatures
  An orc priest (D:3)
  Terence (D:3)
  Robin (D:2)
  2 adders
  A worm (D:2)
  7 orcs (D:3)
  3 ball pythons (D:1)
  5 bats
  2 endoplasms (D:2)
  4 giant cockroaches
  6 goblins
  10 hobgoblins
  3 kobolds
  4 quokkas
  2 frilled lizards
  3 rats
55 creatures vanquished.

Vanquished Creatures (collateral kills)
  An endoplasm (D:1)
  A giant cockroach (D:1)
  A kobold (D:2)
  A rat (D:1)
4 creatures vanquished.

Grand Total: 59 creatures vanquished

Notes
Turn   | Place    | Note
-------+----------+-------------------------------------------
     0 | D:1      | HagarQim the Deep Elf Necromancer began the quest for the
                  | Orb.
     0 | D:1      | Reached XP level 1. HP: 10/10 MP: 6/6
    53 | D:1      | Reached skill level 5 in Necromancy
   179 | D:1      | Reached XP level 2. HP: 15/15 MP: 6/8
   889 | D:2      | Reached XP level 3. HP: 19/19 MP: 4/9
  1281 | D:2      | Noticed Robin
  1399 | D:2      | Learned a level 3 spell: Vampiric Draining
  1527 | D:2      | Killed Robin
  1528 | D:2      | Reached XP level 4. HP: 24/24 MP: 9/12
  1767 | D:3      | Found a snail-covered altar of Cheibriados.
  1772 | D:3      | Noticed Terence
  1778 | D:3      | Killed Terence
  1779 | D:3      | Reached skill level 5 in Spellcasting
  1834 | D:3      | Reached XP level 5. HP: 6/28 MP: 8/14
  2019 | D:3      | Killed from afar by an orc priest

Illustrated notes

Levels and vault maps discovered:
D:1:      wheals_arrival_shading, layout_basic
D:2:      layout_basic, uniq_robin
D:3:      layout_loops_ring, okawaru_gym_becter, amcnicky_altar_gilded,
          lexackson_kobold_supper, uniq_terence, uniq_ijyb,
          uniq_crazy_yiuf_cottage, uniq_natasha

Skill      XL: |  1  2  3  4 |
---------------+-------------+-----
Necromancy     | 5 |  5.9
Spellcasting   | 4 5 |  5.4
Dodging        | 3 |  3.0
Short Blades   | |  0.3
Stealth        | |  2.9
Unarmed Combat | |  0.4

Action                     |  1- 3 |  4- 6 || total
---------------------------+-------+-------++-------
  Melee: Unarmed           |     6 |       ||     6
         Short sword       |    19 |       ||    19
         Dagger            |     1 |     7 ||     8
   Cast: Necrotise         |    51 |    33 ||    84
   Stab: Sleeping          |     3 |     1 ||     4
 Armour: Robe              |     3 |     2 ||     5
  Dodge: Dodged            |    22 |    10 ||    32
